 Dungeon Crawl Stone Soup version 0.31.0-11-ge490571c62 (webtiles) character file.

Game seed: 8140517950304173974

1001 Killerpretzel the Changeling (level 8, 0/54 HPs)
             Began as an Octopode Shapeshifter on Feb 9, 2024.
             Slain by a killer bee (8 damage)
             ... on level 6 of the Dungeon.
             The game lasted 00:15:23 (5931 turns).

Killerpretzel the Changeling (OpSh)                 Turns: 5931, Time: 00:15:24

Health: 0/54       AC:  1    Str: 13    XL:     8   Next: 20%
Magic:  8/8        EV: 14    Int: 12    God:
Gold:   230        SH:  0    Dex: 14    Spells: 7/7 levels left

rFire   + . .        n - +2 dagger "Meefo" {drain, rElec}
rCold   . . .        (no shield)
rNeg    . . .        (helmet currently unavailable)
rPois   +            (no amulet)
rElec   +            q - ring of protection from fire
rCorr   .            r - ring of poison resistance
SInv    .            (no ring)
Will    .....        (no ring)
Stlth   ++           (no ring)
HPRegen 0.29/turn    (no ring)
MPRegen 0.11/turn    (no ring)
                     (no ring)

%: no passive effects
@: beast-form
A: beast (slay +3), almost no armour, amphibious, 8 rings, camouflage 1,
gelatinous body 1, (nimble swimmer 1), tentacles
a: Begin Untransformation


You were on level 6 of the Dungeon.
You were a hulking beast.
You visited 1 branch of the dungeon, and saw 6 of its levels.

You collected 230 gold pieces.

Inventory:

Hand Weapons
 f - a +0 hand axe of venom
 n - the +2 dagger "Meefo" (weapon) {drain, rElec}
   (You found it on level 5 of the Dungeon)

   rElec:     It insulates you from electricity.
Missiles
 d - 8 boomerangs (quivered)
Jewellery
 q - a ring of protection from fire (left tentacle)
 r - a ring of poison resistance (right tentacle)
Talismans
 b - a beast talisman
 c - a flux talisman
Wands
 j - a wand of digging (6)
Scrolls
 i - 4 scrolls of teleportation
 k - a scroll of blinking
 m - a scroll of enchant weapon {unknown}
 p - 3 scrolls of identify {unknown}
Potions
 e - a potion of haste {unknown}
 g - 2 potions of mutation {unknown}
 h - a potion of heal wounds {unknown}
 l - 2 potions of ambrosia {unknown}
 o - 2 potions of degeneration {unknown}


   Skills:
 + Level 4.1 Fighting
 + Level 4.5 Dodging
 + Level 5.0 Unarmed Combat
 * Level 6.1 Shapeshifting


You had 7 spell levels left.
You didn't know any spells.
Your spell library contained the following spells:

 Spells                   Type           Power      Damage    Failure   Level
 Kiss of Death            Conj/Necr      0%         2d5       32%         1
 Shock                    Conj/Air       0%         1d3       32%         1
 Confusing Touch          Hex            0%         N/A       69%         3
 Swiftness                Air            0%         N/A       69%         3
 Airstrike                Air            0%         2d(0-16)  97%         4
 Dispel Undead            Necr           0%         3d6       97%         4


Dungeon Overview and Level Annotations

Branches:
Dungeon (6/15)
 Temple: D:4-7

Altars:
Cheibriados
Dithmenos
Hepliaklqana
Okawaru
Sif Muna
Vehumet
Yredelemnul

Shops:
D:2 !   D:5 *

Annotations:
D:4 exclusion: water moccasin
D:5 Eustachio


Innate Abilities, Weirdness & Mutations

You are a hulking beast.
Your limbs bulge with bestial killing power. (Slay +3)
You cannot wear most types of armour.
You are amphibious.
You can wear up to eight rings at the same time.
Your skin changes colour to match your surroundings (Stealth+).
Your rubbery body absorbs attacks. (AC +1, EV +1)
((You are camouflaged when in or above water. (Stealth+)))
You have tentacles for arms and can constrict up to eight enemies at once.


Message History

2 killer bees come into view. 2 killer bees come into view.
A killer bee comes into view.
The killer bee buzzes angrily. x4
The killer bee misses you. The killer bee completely misses you.
The killer bee stings you!
You are poisoned.
The killer bee poisons you!
You feel very sick. The killer bee stings you.
You feel sick. The killer bee stings you.
You feel sick.
You see here a killer bee corpse.
You feel sick. The killer bee stings you. The killer bee stings you!
The killer bee barely misses you.
You feel sick.
The killer bee attacks as it pursues you!
The killer bee barely misses you. The killer bee stings you.
The killer bee stings you!
* * * LOW HITPOINT WARNING * * *
You feel sick. The killer bee misses you.
The killer bee stings you but does no damage.
You feel sick.
You feel sick.
You are no longer poisoned.
The killer bee barely misses you. The killer bee stings you.
* * * LOW HITPOINT WARNING * * *
The killer bee misses you. The killer bee closely misses you.
Okay, then.
As you read the scroll of fear, it crumbles to dust.
You assume a fearsome visage.
The killer bee looks frightened! x5
The killer bee barely misses you.
The killer bee seems to regain its courage.
The killer bee attacks as it pursues you!
The killer bee misses you. The killer bee stings you.
* * * LOW HITPOINT WARNING * * *
The killer bee attacks as it pursues you!
The killer bee stings you!
You die...

#####
##########...##
##..........#..†
#..####.###..#y.
####.## #..###...y
#.hy.# ##..###y##
#.#### #...####.
#.# #....# #. #.#
###.## ## ######
#.####### ### #
##..#.#####.......#
#......#.##.#####[#
#...........#
#...#<##..###


You could see a killer bee.

Vanquished Creatures
  Menkaure (D:4)
  A water moccasin (D:5)
  An ice beast (D:6)
  A killer bee (D:6)
  A howler monkey (D:4)
  A bombardier beetle (D:3)
  4 hounds
  A jelly (D:4)
  2 gnoll boudas
  2 sleepcaps
  2 orc wizards
  4 adders
  11 gnolls
  A ribbon worm (D:3)
  2 dart slugs
  13 orcs
  5 ball pythons
  8 endoplasms
  3 giant cockroaches
  4 goblins
  11 hobgoblins
  7 jackals
  7 quokkas
  8 bats
  3 frilled lizards
  7 kobolds
  5 rats
116 creatures vanquished.

Notes
Turn   | Place    | Note
-------+----------+-------------------------------------------
     0 | D:1      | Killerpretzel the Octopode Shapeshifter began the quest for
                  | the Orb.
     0 | D:1      | Reached XP level 1. HP: 13/13 MP: 1/1
   126 | D:1      | Reached XP level 2. HP: 13/18 MP: 2/2
   446 | D:1      | Reached XP level 3. HP: 23/23 MP: 3/3
   914 | D:2      | Found a faded altar of an unknown god.
  1192 | D:2      | Found Naolenor's Distillery.
  1587 | D:2      | Reached XP level 4. HP: 28/29 MP: 4/4
  2019 | D:3      | Found a snail-covered altar of Cheibriados.
  2226 | D:3      | Found an iron altar of Okawaru.
  2269 | D:3      | Found a shadowy altar of Dithmenos.
  2523 | D:3      | Reached skill level 4 in Shapeshifting
  2523 | D:3      | Reached XP level 5. HP: 32/34 MP: 5/5
  2821 | D:3      | Found the +0 toga "Victory" {*Victory Clar}
  2827 | D:3      | Found a basalt altar of Yredelemnul.
  3532 | D:4      | Found a hazy altar of Hepliaklqana.
  3542 | D:4      | Reached XP level 6. HP: 32/41 MP: 6/6
  3592 | D:4      | Noticed Menkaure
  3597 | D:4      | Killed Menkaure
  3806 | D:4      | Noticed a water moccasin
  3955 | D:4      | Reached skill level 5 in Shapeshifting
  3955 | D:4      | Reached XP level 7. HP: 33/46 MP: 7/7
  4177 | D:4      | Found a shimmering blue altar of Sif Muna.
  4514 | D:5      | Entered Level 5 of the Dungeon
  4946 | D:5      | Identified the +2 dagger "Meefo" {drain, rElec}
  5165 | D:5      | Found Goal Fuo's General Store.
  5169 | D:5      | Noticed Eustachio
  5682 | D:5      | Reached XP level 8. HP: 54/54 MP: 8/8
  5714 | D:6      | Found a radiant altar of Vehumet.
  5732 | D:6      | Reached skill level 5 in Unarmed Combat
  5732 | D:6      | Reached skill level 6 in Shapeshifting
  5931 | D:6      | Slain by a killer bee

Illustrated notes

Levels and vault maps discovered:
D:1:      dpeg_arrival_rhombi, layout_loops_ring
D:2:      layout_basic, serial_shops, shop, ebering_ecumenical_altar_ruins
D:3:      layout_basic, old_standard_altar, mainiacjoe_overflow_tiny_flanked,
          mainiacjoe_overflow_concentric_impassable,
          mainiacjoe_overflow_24_doors, minmay_quantized
D:4:      layout_loops_ring, lemuel_coloured_pillars_altar,
          kennysheep_little_box, hellmonk_no_cap, uniq_menkaure
D:5:      layout_gridville, minmay_temple_entry_fiery, serial_shops, shop,
          hangedman_decor_diamond_cutter, water_maze_lemuel, uniq_eustachio
D:6:      layout_cave_pools, nicolae_vehumet_radiance,
          regret_index_xom_buried_treasure, serial_shops,
          nicolae_shop_mannequins

Skill      XL: |  1  2  3  4  5  6  7  8 |
---------------+-------------------------+-----
Fighting       | 2 3 4 |  4.1
Shapeshifting  | 4 5 6 |  6.1
Dodging        | 3 4 |  4.5
Unarmed Combat | 4 5 |  5.0

Action                     |  1- 3 |  4- 6 |  7- 9 || total
---------------------------+-------+-------+-------++-------
  Melee: Unarmed           |    45 |       |       ||    45
         Constrict         |    20 |    22 |    25 ||    67
         Tentacles         |     8 |    20 |    22 ||    50
         Punch             |     3 |     2 |     1 ||     6
         Hand axe          |    29 |    94 |    66 ||   189
         Short sword       |     3 |       |       ||     3
         Dagger            |       |       |    16 ||    16
  Throw: Boomerang         |       |       |     2 ||     2
    Use: Potion            |       |     1 |       ||     1
         Scroll            |       |     5 |     1 ||     6
   Stab: Sleeping          |    10 |     9 |     1 ||    20
         Distracted        |       |     2 |     1 ||     3
 Armour: Skin              |    40 |    46 |    48 ||   134
  Dodge: Dodged            |    42 |    53 |    75 ||   170
